 Dungeon Crawl Stone Soup version 0.20-a0-1039-gf554463 (webtiles) character file.

24 Chaoticas the Skirmisher (level 3, 23/23 HPs)
             Began as a Gargoyle Berserker on Apr 22, 2017.
             Was a Follower of Trog.
             Quit the game on level 1 of the Dungeon.
             The game lasted 00:01:43 (920 turns).

Chaoticas the Skirmisher (Gargoyle Berserker)        Turns: 920, Time: 00:01:44

Health: 23/23      AC:  5    Str: 21    XL:     3   Next: 2%
Magic:  3/3        EV: 12    Int:  7    God:    Trog [*.....]
Gold:   26         SH:  0    Dex:  9    Spells: 2/2 levels left

rFire    . . .     SeeInvis .   a - +0 falchion
rCold    . . .     Gourm    .   (no shield)
rNeg     + . .     Faith    .   b - +0 animal skin
rPois    ∞         Spirit   .   (no helmet)
rElec    +         Reflect  .   (no cloak)
rCorr    .         Harm     .   (no gloves)
MR       .....                  (no boots)
Stlth    +.........             (no amulet)
Regen    0.1/turn               (no ring)
MPRegen  0.1/turn               (no ring)

@: no status effects
A: negative energy resistance 1, electricity resistance, unbreathing,
petrification resistance, rot immunity, AC +3
a: Berserk, Burn Spellbooks, Renounce Religion


You were on level 1 of the Dungeon.
You worshipped Trog.
Trog was aware of your devotion.
You were not hungry.

You visited 1 branch of the dungeon, and saw 1 of its levels.

You collected 26 gold pieces.

Inventory:

Hand Weapons
 a - a +0 falchion (weapon)
Armour
 b - a +0 animal skin (worn)
Scrolls
 e - a scroll of enchant armour {unknown}
 g - a scroll of enchant weapon {unknown}
 i - a scroll of identify {unknown}
Potions
 d - a potion of degeneration {unknown}
 f - a potion of curing {unknown}
Comestibles
 c - a bread ration
 h - 11 chunks of flesh


   Skills:
 * Level 3.5 Fighting
 * Level 3.3 Long Blades
 + Level 2.4 Armour
 + Level 1.7 Dodging


You had 2 spell levels left.
You didn't know any spells.

Dungeon Overview and Level Annotations

Branches:
Dungeon (1/15)

Altars:


Innate Abilities, Weirdness & Mutations

You are resistant to torment.
Your stone body is resilient. (AC +3)
You are immune to poison.
You resist negative energy. (rN+)
You are resistant to electric shocks. (rElec)
You can survive without breathing.
You are immune to petrification.
You are immune to rotting.


Message History

You have reached level 3!
Your experience leads to an increase in your attributes!
Increase (S)trength, (I)ntelligence, or (D)exterity?
You feel stronger.
Things that are here:
a club; a hobgoblin corpse You butcher the hobgoblin corpse.
h - 13 chunks of flesh (gained 3)
You see here a club.
There is an open door here.
There is an open door here.
There is a stone staircase leading down here.
Some of the chunks of flesh in your inventory have rotted away.
Done exploring.
Done exploring.
Done exploring.
Done exploring.
Done exploring.
Done exploring.
Are you sure you want to abandon this character and quit the game? (Confirm with "yes".)

#..#.#.##.......#.#..##.## #
..(#.#.##.#######.##.##.# #######
#..#.#.##.# #.##..#.# #......
...#...##.# #.###>#.# #.#####
...######.# #.# #...# #.#.†..
..........# #.# #.### #.#.###
...######## #.# #.# #.#.#..
..........#######.# #.# #.#.#..
................@.# #.#####.#.#..
..#....(..###########.......#.#..
..#.......# #...........)...#.#..
..#.......# #.#############.#.#..
###.......# #........# ##.#.#..
#.......# ########.# #..#.#..
###.#.##############.# #..#.#..
....#.# #.........#.# #.##.###
#####.# ###.#####.#.# #....#


There were no monsters in sight!

Vanquished Creatures
  2 leopard geckos (D:1)
  2 goblins (D:1)
  7 hobgoblins (D:1)
  5 bats (D:1)
  3 frilled lizards (D:1)
  2 kobolds (D:1)
21 creatures vanquished.

Notes
Turn   | Place    | Note
-------+----------+-------------------------------------------
     0 | D:1      | Chaoticas the Gargoyle Berserker began the quest for the Orb.
     0 | D:1      | Reached XP level 1. HP: 14/14 MP: 1/1
   288 | D:1      | Reached XP level 2. HP: 19/19 MP: 2/2
   859 | D:1      | Reached XP level 3. HP: 23/23 MP: 3/3
   920 | D:1      | Quit the game

Vault maps used:
D:1:      noname_arrival_rooms_in_the_neighbourhood

Skill      XL: |  1 |
---------------+----+-----
Long Blades    | 3 |  3.3
Fighting       | |  3.5
Armour         | |  2.4
Dodging        | |  1.7

Action                   || total
-------------------------++-------
Melee: Falchion          ||    51
Armor: Animal skin       ||    22
Dodge: Dodged            ||    38
       Rpst.: Falchion   ||    16
